[ PARTIDA AOE2 · #506424226 ]
UnrankedTeutones vs Teutons
Equipo del jugador · DERR
Equipo rival · VICT
[ ANÁLISIS DE REPETICIÓN · EXTRAÍDO DE LA PARTIDA GRABADA ]
Feudal
8:57
Castillos
24:55
Imperial
—
| APM promedio | 56.7 |
| APM pico | 87 |
| eAPM promedio | 33.4 |
| Aldeanos / militares | 77 / 8 |
Foco
⚔️ 25.8% · 🌾 74.2%
Mangonel ×5 · Spearman ×2 · Battering Ram ×1
Feudal
10:25
Castillos
24:56
Imperial
—
| APM promedio | 29.7 |
| APM pico | 74 |
| eAPM promedio | 16.1 |
| Aldeanos / militares | 72 / 4 |
Foco
⚔️ 25.9% · 🌾 74.1%
Mangonel ×4
Mapa de la partida
Recursos iniciales + cada clic de construcción. Líneas = muros · curvas = relieve. ◆ oro · ⬟ piedra · ● bayas · ✦ reliquia · ◌ hueco del cierre
Tu base· ✓ Cerrada en 24:55 · 0t muro · 2 puerta(s)
Base de [ESTG] ENAO EL PETE· ✓ Cerrada en 24:56 · 16t muro · 2 puerta(s)
Terreno inicial suavizado · ◌ = hueco del cierre detectado · pasá el cursor para detalles
Inputs por minuto
— Tattletale Strangler - - [ESTG] ENAO EL PETE
Build order — Tattletale Strangler
141 acciones detectadas en el replay
| 0:00 | Crear | Villager (Male) |
| 0:01 | Construir | House |
| 0:02 | Construir | House |
| 0:20 | Crear | Villager (Male) |
| 0:20 | Crear | Villager (Male) |
| 0:26 | Crear | Villager (Male) |
| 1:29 | Crear | Villager (Male) |
| 1:41 | Crear | Villager (Male) |
| 2:04 | Construir | Lumber Camp |
| 2:14 | Crear | Villager (Male) |
| 3:02 | Crear | Villager (Male) |
| 3:15 | Crear | Villager (Male) |
| 3:43 | Crear | Villager (Male) |
| 3:44 | Crear | Villager (Male) |
| 3:53 | Construir | House |
| 4:16 | Crear | Villager (Male) |
| 4:37 | Crear | Villager (Male) |
| 4:40 | Construir | Mill |
| 5:20 | Crear | Villager (Male) |
| 5:40 | Crear | Villager (Male) |
| 6:06 | Crear | Villager (Male) |
| 6:46 | Investigar | Feudal Age |
| 6:57 | Crear | Villager (Male) |
| 7:23 | Construir | Mining Camp |
| 7:35 | Investigar | Loom |
| 7:36 | Crear | Villager (Male) |
| 8:39 | Crear | Villager (Male) |
| 8:46 | Construir | House |
| 8:57 | Edad | Edad Feudal |
| 9:12 | Crear | Villager (Male) |
| 9:42 | Construir | Watch Tower |
| 9:54 | Construir | Blacksmith |
| 9:56 | Crear | Villager (Male) |
| 10:09 | Crear | Villager (Male) |
| 10:49 | Crear | Villager (Male) |
| 10:59 | Construir | House |
| 11:08 | Construir | Barracks |
| 11:22 | Construir | Watch Tower |
| 11:26 | Crear | Villager (Male) |
| 11:35 | Crear | Villager (Male) |
| 11:58 | Crear | Villager (Male) |
| 12:17 | Crear | Villager (Male) |
| 12:40 | Crear | Villager (Male) |
| 13:36 | Crear | Villager (Male) |
| 13:38 | Investigar | Fletching |
| 14:10 | Crear | Villager (Male) |
| 14:14 | Construir | House |
| 14:15 | Crear | Villager (Male) |
| 14:20 | Construir | House |
| 14:41 | Crear | Villager (Male) |
| 14:44 | Construir | House |
| 14:49 | Construir | Market |
| 15:19 | Crear | Villager (Male) |
| 15:22 | Construir | Farm |
| 15:22 | Construir | Farm |
| 15:22 | Construir | Farm |
| 15:23 | Construir | Farm |
| 15:23 | Construir | Farm |
| 16:03 | Crear | Villager (Male) |
| 16:15 | Construir | Farm |
| 16:17 | Construir | Farm |
| 16:17 | Crear | Villager (Male) |
| 16:20 | Construir | Farm |
| 16:55 | Crear | Villager (Male) |
| 17:21 | Crear | Villager (Male) |
| 17:21 | Crear | Villager (Male) |
| 17:38 | Crear | Villager (Male) |
| 17:45 | Crear | Villager (Male) |
| 18:19 | Crear | Villager (Male) |
| 18:20 | Crear | Villager (Male) |
| 19:00 | Crear | Villager (Male) |
| 19:09 | Crear | Villager (Male) |
| 19:10 | Crear | Villager (Male) |
| 19:13 | Crear | Villager (Male) |
| 19:16 | Construir | Farm |
| 19:18 | Construir | Farm |
| 19:18 | Construir | Farm |
| 19:19 | Construir | Farm |
| 19:23 | Crear | Villager (Male) |
| 19:36 | Crear | Villager (Male) |
| 19:37 | Crear | Villager (Male) |
| 19:43 | Construir | Watch Tower |
| 19:56 | Crear | Villager (Male) |
| 20:35 | Crear | Villager (Male) |
| 20:37 | Crear | Villager (Male) |
| 20:40 | Construir | Farm |
| 20:46 | Construir | Farm |
| 20:46 | Construir | Farm |
| 20:47 | Construir | Farm |
| 20:47 | Construir | Farm |
| 21:23 | Crear | Villager (Male) |
| 21:23 | Crear | Villager (Male) |
| 21:32 | Construir | Farm |
| 21:34 | Construir | Farm |
| 21:35 | Crear | Villager (Male) |
| 22:15 | Investigar | Castle Age |
| 22:40 | Crear | Villager (Male) |
| 23:55 | Construir | Barracks |
| 24:07 | Investigar | Double-Bit Axe |
| 24:10 | Investigar | Horse Collar |
| 24:45 | Construir | House |
| 24:48 | Crear | Villager (Male) |
| 24:54 | Construir | Mining Camp |
| 24:55 | Edad | Edad de los Castillos |
| 25:14 | Investigar | Bodkin Arrow |
| 25:14 | Investigar | Bodkin Arrow |
| 25:15 | Crear | Villager (Male) |
| 25:30 | Crear | Villager (Male) |
| 25:34 | Crear | Villager (Male) |
| 25:51 | Construir | Siege Workshop |
| 25:59 | Construir | Siege Workshop |
| 26:39 | Construir | Watch Tower |
| 26:48 | Crear | Mangonel |
| 26:54 | Crear | Villager (Male) |
| 26:54 | Crear | Villager (Male) |
| 27:10 | Crear | Villager (Male) |
| 27:15 | Crear | Villager (Male) |
| 28:14 | Crear | Mangonel |
| 28:22 | Crear | Villager (Male) |
| 28:34 | Crear | Villager (Male) |
| 29:12 | Crear | Spearman |
| 29:12 | Crear | Spearman |
| 29:14 | Crear | Mangonel |
| 29:46 | Crear | Villager (Male) |
| 29:51 | Crear | Villager (Male) |
| 29:54 | Construir | Mining Camp |
| 29:55 | Crear | Villager (Male) |
| 30:17 | Crear | Mangonel |
| 30:40 | Construir | House |
| 32:07 | Crear | Battering Ram |
| 32:11 | Crear | Mangonel |
| 32:17 | Crear | Villager (Male) |
| 32:18 | Construir | Farm |
| 32:19 | Crear | Villager (Male) |
| 32:19 | Crear | Villager (Male) |
| 32:21 | Crear | Villager (Male) |
| 32:29 | Crear | Villager (Male) |
| 32:36 | Construir | Lumber Camp |
| 32:38 | Crear | Villager (Male) |
| 32:38 | Crear | Villager (Male) |
| 32:51 | Crear | Villager (Male) |
Build order — [ESTG] ENAO EL PETE
145 acciones detectadas en el replay
| 0:01 | Crear | Villager (Male) |
| 0:01 | Crear | Villager (Male) |
| 0:01 | Crear | Villager (Male) |
| 0:02 | Construir | House |
| 0:06 | Construir | House |
| 0:15 | Crear | Villager (Male) |
| 0:15 | Crear | Villager (Male) |
| 1:10 | Crear | Villager (Male) |
| 1:10 | Crear | Villager (Male) |
| 1:46 | Crear | Villager (Male) |
| 1:46 | Crear | Villager (Male) |
| 1:59 | Construir | Lumber Camp |
| 2:16 | Crear | Villager (Male) |
| 2:17 | Crear | Villager (Male) |
| 2:17 | Crear | Villager (Male) |
| 2:50 | Crear | Villager (Male) |
| 2:51 | Crear | Villager (Male) |
| 2:55 | Crear | Villager (Male) |
| 2:55 | Crear | Villager (Male) |
| 2:55 | Crear | Villager (Male) |
| 3:17 | Construir | House |
| 3:59 | Crear | Villager (Male) |
| 4:00 | Crear | Villager (Male) |
| 4:00 | Crear | Villager (Male) |
| 4:11 | Construir | House |
| 4:52 | Construir | Mill |
| 4:55 | Crear | Villager (Male) |
| 4:56 | Crear | Villager (Male) |
| 4:58 | Crear | Villager (Male) |
| 4:58 | Crear | Villager (Male) |
| 4:59 | Crear | Villager (Male) |
| 5:33 | Crear | Villager (Male) |
| 6:15 | Crear | Villager (Male) |
| 6:42 | Construir | Mining Camp |
| 6:44 | Crear | Villager (Male) |
| 7:20 | Crear | Villager (Male) |
| 7:46 | Investigar | Loom |
| 8:10 | Investigar | Feudal Age |
| 8:11 | Investigar | Feudal Age |
| 8:11 | Investigar | Feudal Age |
| 8:55 | Crear | Villager (Male) |
| 8:55 | Crear | Villager (Male) |
| 9:42 | Construir | Farm |
| 9:45 | Construir | Farm |
| 10:00 | Construir | Palisade Wall |
| 10:10 | Construir | Palisade Wall |
| 10:20 | Construir | Palisade Wall |
| 10:25 | Edad | Edad Feudal |
| 10:31 | Crear | Villager (Male) |
| 10:36 | Construir | Market |
| 10:42 | Crear | Villager (Male) |
| 10:53 | Construir | Farm |
| 10:55 | Construir | Farm |
| 10:59 | Construir | House |
| 11:03 | Construir | Watch Tower |
| 11:10 | Crear | Villager (Male) |
| 12:20 | Crear | Villager (Male) |
| 12:39 | Construir | Farm |
| 12:40 | Construir | Farm |
| 12:43 | Construir | Farm |
| 12:45 | Crear | Villager (Male) |
| 13:16 | Crear | Villager (Male) |
| 13:36 | Crear | Villager (Male) |
| 13:44 | Crear | Villager (Male) |
| 13:53 | Construir | Watch Tower |
| 14:23 | Crear | Villager (Male) |
| 14:27 | Crear | Villager (Male) |
| 14:27 | Crear | Villager (Male) |
| 14:27 | Crear | Villager (Male) |
| 14:27 | Crear | Villager (Male) |
| 14:28 | Crear | Villager (Male) |
| 15:20 | Crear | Villager (Male) |
| 15:25 | Construir | Blacksmith |
| 15:33 | Construir | Farm |
| 15:34 | Construir | Farm |
| 15:34 | Construir | Farm |
| 15:34 | Construir | Farm |
| 16:05 | Crear | Villager (Male) |
| 16:17 | Investigar | Fletching |
| 16:20 | Construir | House |
| 16:58 | Crear | Villager (Male) |
| 17:08 | Construir | House |
| 17:27 | Crear | Villager (Male) |
| 17:37 | Construir | Farm |
| 17:46 | Construir | Farm |
| 18:18 | Crear | Villager (Male) |
| 18:22 | Construir | Farm |
| 19:23 | Crear | Villager (Male) |
| 19:24 | Crear | Villager (Male) |
| 19:55 | Crear | Villager (Male) |
| 20:31 | Construir | Watch Tower |
| 20:52 | Construir | House |
| 21:00 | Construir | Mining Camp |
| 21:02 | Crear | Villager (Male) |
| 21:15 | Construir | Farm |
| 21:41 | Crear | Villager (Male) |
| 21:49 | Construir | Lumber Camp |
| 22:16 | Investigar | Castle Age |
| 22:16 | Investigar | Castle Age |
| 22:16 | Investigar | Castle Age |
| 22:46 | Construir | Farm |
| 22:54 | Construir | Farm |
| 22:54 | Construir | Farm |
| 23:24 | Construir | Stone Wall |
| 24:07 | Construir | Palisade Wall |
| 24:19 | Construir | Farm |
| 24:20 | Construir | Farm |
| 24:37 | Crear | Villager (Male) |
| 24:45 | Construir | House |
| 24:56 | Edad | Edad de los Castillos |
| 24:56 | Investigar | Bodkin Arrow |
| 24:56 | Investigar | Bodkin Arrow |
| 24:57 | Investigar | Bodkin Arrow |
| 25:09 | Construir | Farm |
| 25:19 | Construir | Siege Workshop |
| 25:23 | Crear | Villager (Male) |
| 25:23 | Crear | Villager (Male) |
| 25:30 | Construir | Farm |
| 25:31 | Construir | Farm |
| 25:34 | Construir | Farm |
| 26:10 | Crear | Mangonel |
| 26:19 | Crear | Villager (Male) |
| 26:25 | Crear | Villager (Male) |
| 26:46 | Crear | Mangonel |
| 27:31 | Crear | Villager (Male) |
| 27:31 | Crear | Villager (Male) |
| 27:39 | Construir | House |
| 27:40 | Construir | House |
| 28:19 | Crear | Mangonel |
| 28:39 | Construir | Farm |
| 28:42 | Crear | Villager (Male) |
| 28:42 | Crear | Villager (Male) |
| 29:20 | Construir | House |
| 29:48 | Crear | Villager (Male) |
| 29:48 | Crear | Villager (Male) |
| 30:02 | Construir | House |
| 30:18 | Crear | Villager (Male) |
| 30:18 | Crear | Villager (Male) |
| 30:33 | Construir | Market |
| 31:22 | Crear | Villager (Male) |
| 31:42 | Crear | Mangonel |
| 31:43 | Crear | Villager (Male) |
| 31:43 | Crear | Villager (Male) |
| 32:21 | Construir | Castle |
| 32:24 | Crear | Villager (Male) |
Cronología de la partida
| 8:57 | Tattletale Strangler · age_up feudal |
| 10:00 | [ESTG] ENAO EL PETE · wall_segment Palisade Wall x7 |
| 10:10 | [ESTG] ENAO EL PETE · wall_segment Palisade Wall x4 |
| 10:20 | [ESTG] ENAO EL PETE · wall_segment Palisade Wall x4 |
| 10:25 | [ESTG] ENAO EL PETE · age_up feudal |
| 11:08 | Tattletale Strangler · first_building Barracks |
| 19:58 | [ESTG] ENAO EL PETE · first_market_sell 100 wood |
| 19:59 | [ESTG] ENAO EL PETE · first_market_buy 100 food |
| 20:03 | Tattletale Strangler · first_market_sell 100 wood |
| 23:24 | [ESTG] ENAO EL PETE · wall_segment Stone Wall x1 |
| 24:07 | [ESTG] ENAO EL PETE · wall_segment Palisade Wall x1 |
| 24:55 | Tattletale Strangler · age_up castle |
| 24:56 | [ESTG] ENAO EL PETE · age_up castle |
| 25:19 | [ESTG] ENAO EL PETE · first_building Siege Workshop |
| 25:45 | Tattletale Strangler · first_market_buy 100 wood |
| 25:51 | Tattletale Strangler · first_building Siege Workshop |
| 32:21 | [ESTG] ENAO EL PETE · first_building Castle |
| 33:07 | Tattletale Strangler · resign |
[ ANÁLISIS IA · 1 CRÉDITO ]
¿Qué pasó realmente en esta partida?
Wolo.gg analiza cada decisión: build order, eco, micro, errores típicos por bracket. Análisis personalizado por WhatsApp o Discord en 30 segundos.
Guía civ
Teutones
Perfil
Jugador #18150111